 Dungeon Crawl Stone Soup version 0.26.1-10-gdfb7c7de75 (webtiles) character file.

Game seed: 8098788135725797626

70 Lancroian the Changer (level 4, -5/28 HPs)
             Began as an Octopode Transmuter on Apr 1, 2021.
             Was an Initiate of Ashenzari.
             Slain by a gnoll
             ... wielding a +0 spear
              (6 damage)
             ... on level 3 of the Dungeon.
             The game lasted 00:09:55 (2400 turns).

Lancroian the Changer (Octopode Transmuter)         Turns: 2400, Time: 00:09:55

Health: -5/28      AC:  1    Str:  9 (10) XL:     4   Next: 22%
Magic:  7/8        EV: 14    Int: 12 (15) God:    Ashenzari [......]
Gold:   105        SH:  0    Dex: 17 (18) Spells: 2/8 levels left

rFire    + . .     SeeInvis .   n - +2 spear (vorpal)
rCold    . . .     Faith    .   (no shield)
rNeg     . . .     Spirit   .   (helmet restricted)
rPois    .         Reflect  .   (no amulet)
rElec    .         Harm     .   g - +6 ring of dexterity
rCorr    .         Rampage  .   h - ring of protection from fire
Will     .....                  (no ring)
Stlth    +++.......             (no ring)
HPRegen  0.09/turn              (no ring)
MPRegen  0.11/turn              (no ring)
                                (no ring)
                                (no ring)

@: mighty, wereblooded
A: almost no armour, stealthy swim, amphibious, 8 rings, constrict 8, camouflage
1, gelatinous body 1
a: Renounce Religion, Curse Item


You were on level 3 of the Dungeon.
You worshipped Ashenzari.
Ashenzari was noncommittal.
You visited 1 branch of the dungeon, and saw 3 of its levels.

You collected 105 gold pieces.

Inventory:

Hand Weapons
 n - a +2 vorpal spear (weapon)
Jewellery
 g - a +6 ring of dexterity (left tentacle)
 h - a ring of protection from fire (right tentacle)
Wands
 o - a wand of iceblast (6)
Scrolls
 a - a scroll of fear {unknown}
 c - 3 scrolls of remove curse
 d - a scroll of fog {unknown}
 i - a scroll of amnesia {unknown}
 k - a scroll of magic mapping {unknown}
 m - a scroll of enchant weapon
 p - a scroll of identify {unknown}
Potions
 f - a potion of might
 l - a potion of flight {unknown}


   Skills:
 - Level 1.0 Fighting
 - Level 2.0 Dodging
 - Level 3.0 Unarmed Combat
 + Level 2.8 Spellcasting
 * Level 3.7 Transmutations


You had 2 spell levels left.
You knew the following spells:

 Your Spells              Type           Power        Failure   Level
a - Beastly Appendage     Tmut           20%          5%          1
b - Spider Form           Tmut/Pois      3%           34%         3
c - Wereblood             Tmut           10%          9%          2

Your spell library contained the following spells:

 Spells                   Type           Power        Failure   Level
 Ice Form                 Ice/Tmut       6%           75%         4
 Blade Hands              Tmut           5%           83%         5


Dungeon Overview and Level Annotations

Branches:
Dungeon (3/15)

Altars:
Ashenzari
Vehumet


Innate Abilities, Weirdness & Mutations

You cannot wear most types of armour.
You are very stealthy in the water. (Stealth+)
You are amphibious.
You can wear up to eight rings at the same time.
You can use your tentacles to constrict eight enemies at once.
Your skin changes colour to match your surroundings (Stealth+).
Your rubbery body absorbs attacks. (AC +1, EV +1)


Message History

Casting: Spider Form (extremely dangerous; 34% risk of failure)
Confirm with . or Enter, or press ? or * to list all spells.
Okay, then.
Casting: Spider Form (extremely dangerous; 34% risk of failure)
Confirm with . or Enter, or press ? or * to list all spells.
Your blood is infused with primal strength.
The gnoll hits you from afar with a +0 spear.
Your tentacle spike disappears.
You feel very mighty all of a sudden. The gnoll misses you.
The gnoll hits you with a +0 spear!
* * * LOW HITPOINT WARNING * * *
You are too injured to fight recklessly!
You are too injured to fight recklessly!
The gnoll closely misses you.
You are too injured to fight recklessly!
You are too injured to fight recklessly!
You are too injured to fight recklessly!
The gnoll hits you with a +0 spear.
You die...

.### #.# ...# #.#
.#.# #.# .#.# #.#
.#.# #.# .#.# #g#
...###### #g#
......... #g#
#.####### #@# ..#
#.#
..##############.#
.............#...#
#.##########.#.###
#.# #.#.###### #.#
#.>........ #.#
#...####### #.#
#...#


You could see 3 gnolls.

Vanquished Creatures
  3 adders (D:2)
  4 leopard geckos
  5 bats
  A giant cockroach (D:2)
  3 goblins (D:2)
  A hobgoblin (D:2)
  5 jackals (D:2)
  7 kobolds
  A quokka (D:2)
  A ball python (D:2)
  4 frilled lizards (D:2)
  4 rats
39 creatures vanquished.

Notes
Turn   | Place    | Note
-------+----------+-------------------------------------------
     0 | D:1      | Lancroian the Octopode Transmuter began the quest for the
                  | Orb.
     0 | D:1      | Reached XP level 1. HP: 13/13 MP: 3/3
   420 | D:1      | Reached XP level 2. HP: 18/18 MP: 5/5
   932 | D:2      | Reached XP level 3. HP: 23/23 MP: 6/6
  1819 | D:2      | Found a radiant altar of Vehumet.
  1820 | D:2      | Found a broken altar of Ashenzari.
  1848 | D:2      | Became a worshipper of Ashenzari the Shackled
  1915 | D:2      | Reached XP level 4. HP: 18/28 MP: 6/8
  2186 | D:2      | Learned a level 3 spell: Spider Form
  2189 | D:2      | Learned a level 2 spell: Wereblood
  2192 | D:2      | Found a faded altar of an unknown god.
  2398 | D:3      | HP: 1/28 [gnoll/+0 spear (9)]
  2400 | D:3      | Slain by a gnoll

Illustrated notes

Levels and vault maps discovered:
D:1:      scummos_arrival_forest, layout_basic, chequers_serial_rivers_small_b,
          serial_bayou_pond_c
D:2:      layout_basic, minitemple, chequers_ecumenical_altar_lobes
D:3:      layout_loops_ring, nemelex_xobeh_ov_fountains_minmay,
          uniq_crazy_yiuf_cottage

Skill      XL: |  1  2 |
---------------+-------+-----
Transmutations | 3 |  3.7
Fighting       | |  1.0
Dodging        | |  2.0
Unarmed Combat | |  3.0
Spellcasting   | |  2.8

Action                   |  1- 3 |  4- 6 || total
-------------------------+-------+-------++-------
Melee: Dagger            |    60 |     9 ||    69
       Constrict         |    20 |     3 ||    23
       Unarmed           |     5 |       ||     5
       Tentacles         |    14 |       ||    14
       Kick              |     8 |     1 ||     9
       Punch             |     1 |       ||     1
       Spear             |       |     4 ||     4
 Cast: Beastly Appendage |    11 |     2 ||    13
       Wereblood         |       |     1 ||     1
  Use: Potion            |     1 |     2 ||     3
       Scroll            |     1 |     1 ||     2
 Stab: Sleeping          |     5 |     1 ||     6
       Distracted        |     1 |       ||     1
Armor: Skin              |     5 |     1 ||     6
Dodge: Dodged            |    43 |    15 ||    58
